Map: 스테이시스 - 래더

Players

herO - Winner!

  • Race: Protoss Protoss
  • League: Grandmaster
  • Spawn Location: 11:00

aLive

  • Race: Terran Terran
  • League: Grandmaster
  • Spawn Location: 1:00

Event: IEM Season 13 - Katowice Server Qualifiers Asia 1

VOD

Have the link to the VOD?

Description

Time

  • Played on: Jan. 14, 2019, 4:59 a.m.
  • Length: 5:33

All games in this series

Show
View Real Time Build Order
Export as new Build Order

herO Protoss - Winner!

Build Orders:  

Get SALT Encoding   

  12  0:00  Probe  
  13  0:13  Probe  
  14  0:19  Pylon  
  14  0:25  Probe  
  15  0:33  Probe  
  15  0:40  Gateway  
  15  0:41  Probe  
  17  0:50  Assimilator  
  17  0:51  Probe  
  18  1:03  Probe  
  19  1:14  Pylon  
  19  1:15  Probe  
  20  1:27  Cybernetics Core, Zealot  
  20  1:28  Probe  
  23  1:40  Probe  
  25  1:55  Adept  
  24  2:04  Warp Gate  
  26  2:10  Nexus  
  26  2:18  Assimilator  
  26  2:22  Stalker  
  26  2:26  Probe  
  29  2:37  Pylon  
  29  2:38  Probe  
  30  2:50  Probe  
  31  2:53  Stalker  
  31  2:57  Robotics Facility  
  33  3:07  Probe  
  33  3:19  Probe  
  32  3:22  Sentry  
  32  3:26  Probe  
  36  3:40  Gateway  
  33  3:45  Gateway, Warp Prism  
  33  4:11  Immortal  
  33  4:14  Stalker  
  39  4:41  Immortal  
  39  4:43  Stalker x2  
  39  4:44  Stalker  
  49  4:55  Probe  
  49  4:56  Probe  
  49  4:57  Pylon  
  42  5:27  Stalker x3  
Show
View Real Time Build Order
Export as new Build Order

aLive Terran 

Build Orders:  

Get SALT Encoding   

  12  0:00  SCV  
  13  0:12  SCV  
  14  0:17  Supply Depot  
  14  0:24  SCV  
  15  0:39  SCV  
  16  0:44  Barracks  
  16  0:46  Refinery  
  16  0:51  SCV  
  16  0:56  Refinery  
  17  1:05  SCV  
  17  1:11  Barracks  
  18  1:17  SCV  
  19  1:29  Engineering Bay  
  19  1:30  SCV  
  20  1:42  SCV  
  21  1:58  Reaper, Orbital Command  
  22  2:10  Command Center  
  22  2:17  Supply Depot  
  22  2:23  SCV  
  23  2:30  Barracks Reactor  
  23  2:34  Factory  
  23  2:39  SCV  
  24  2:45  Refinery  
  24  2:51  SCV  
  25  3:03  SCV  
  26  3:09  Marine  
  26  3:10  Marine  
  27  3:15  SCV  
  27  3:19  Starport  
  28  3:23  Orbital Command  
  28  3:27  Widow Mine, SCV  
  28  3:32  Marine x2  
  29  3:38  Orbital Command  
  29  3:39  SCV  
  29  3:51  Marine x2, Widow Mine, SCV  
  34  4:01  Medivac  
  36  4:03  SCV  
  36  4:04  SCV  
  36  4:08  Marine  
  36  4:09  Marine  
  38  4:14  Widow Mine  
  38  4:16  SCV x2  
  39  4:25  Supply Depot  
  39  4:26  Marine x2  
  39  4:29  SCV x2  
  43  4:34  Starport Tech Lab  
  43  4:35  Factory Tech Lab  
  41  4:42  SCV x2  
  41  4:44  Marine x2  
  44  4:54  Siege Tank  
  46  5:03  Marine x2  
  46  5:06  SCV  

Tags
 
Add a new tag
Caveats
  • Supply blocks, unpowered buildings, or Contaminate may cause inaccurate times.
  • Supply counts are checked every 10 seconds.